 Dungeon Crawl Stone Soup version 0.25.1-2-g60ff931df9 (webtiles) character file.

Game seed: 10287483711416556047

60 raphialitos the Grave Robber (level 3, -6/19 HPs)
             Began as a Vampire Necromancer on Nov 9, 2020.
             Mangled by a small abomination (9 damage)
             ... on level 4 of the Abyss.
             The game lasted 00:08:55 (2260 turns).

raphialitos the Grave Robber (Vampire Necromancer)  Turns: 2260, Time: 00:08:56

Health: -6/19      AC:  2    Str:  7    XL:     3   Next: 82%
Magic:  6/6        EV: 13    Int: 18    God:
Gold:   107        SH:  0    Dex: 14    Spells: 1/6 levels left

rFire    . . .     SeeInvis +   j - +2 dagger (distort)
rCold    + + .     Gourm    .   (no shield)
rNeg     + + +     Faith    .   a - +0 robe
rPois    ∞         Spirit   .   (no helmet)
rElec    .         Reflect  .   (no cloak)
rCorr    .         Harm     .   (no gloves)
MR       .....                  (no boots)
Stlth    +++++.....             (no amulet)
HPRegen  0.00/turn              (no ring)
MPRegen  0.10/turn              (no ring)

@: bloodless
A: no food, fangs 3, see invisible, unbreathing
a: Bat Form, Revivify


You were on level 4 of the Abyss.
You were bloodless.

You visited 1 branch of the dungeon, and saw 2 of its levels.
You visited the Abyss 1 time.

You collected 107 gold pieces.

Inventory:

Hand Weapons
 c - a +0 dagger
 j - a +2 dagger of distortion (weapon)
 q - a +2 spear of flaming
Missiles
 b - 14 bolts
 f - 36 sling bullets
 g - 53 arrows
 m - 15 poisoned darts (quivered)
Armour
 a - a +0 robe (worn)
 s - a +0 pair of boots
Scrolls
 d - 8 scrolls of identify {unknown}
 e - a scroll of fog {unknown}
 h - a scroll of enchant armour {unknown}
 k - a scroll of teleportation {unknown}
 o - a scroll of fear {unknown}
 p - a scroll of immolation {unknown}
 r - a scroll of enchant weapon {unknown}
Potions
 i - a potion of might {unknown}
 l - 2 potions of mutation {unknown}
 n - a potion of curing {unknown}


   Skills:
 + Level 0.3 Short Blades
 + Level 2.8 Dodging
 + Level 3.8 Stealth
 + Level 2.4 Spellcasting
 + Level 5.1 Necromancy


You had one spell level left.
You knew the following spells:

 Your Spells              Type           Power        Failure   Level  Hunger
a - Pain                  Necr           ###.         2%          1    N/A
b - Animate Skeleton      Necr           N/A          2%          1    N/A
c - Vampiric Draining     Necr           ###.......   6%          3    N/A

Your spell library contained the following spells:

 Spells                   Type           Power        Failure   Level  Hunger
 Animate Dead             Necr           N/A          22%         4    N/A
 Agony                    Necr           ###.....     52%         5    N/A

Dungeon Overview and Level Annotations

Branches:
Dungeon (2/15)

Altars:
Zin


Innate Abilities, Weirdness & Mutations

You do not eat.
You do not regenerate when monsters are visible.
You are frail without blood (-20% HP).
You can heal yourself when you bite living creatures.
You are immune to poison.
You have razor-sharp teeth.
You have supernaturally acute eyesight. (SInv)
You can survive without breathing.


Message History

The ufetubus hits you. The ufetubus barely misses you.
The ufetubus closely misses you. The ufetubus misses you.
A small abomination comes into view.
The ufetubus misses you.
The ufetubus hits you but does no damage.
Found a corrupted altar of Lugonu.
The ufetubus barely misses you. The ufetubus misses you.
Okay, then.
The ufetubus hits you. The ufetubus barely misses you.
A tentacled starspawn comes into view.
The ufetubus hits you. The ufetubus misses you.
Okay, then.
The ufetubus closely misses you. The ufetubus barely misses you.
The ufetubus hits you.
* * * LOW HITPOINT WARNING * * *
The ufetubus hits you.
* * * LOW HITPOINT WARNING * * *
A wretched star comes into view.
The small abomination hits you!
You die...

.. # ## ..
##. .### X#.
...#
##...#..##..
...#.#...#
.## #..
#..#.#...#
#._##.....#
#.#5#.##.§..
#.@.#.#...#.
#.*.#.x.#...#
#.##..#..#..#
# ####..####
#.##.# #... #
#..#...x. ###
#.## # #..#
##.# ..


You could see a wretched star (wandering), a small abomination and an ufetubus
(summoned).

Vanquished Creatures
  An adder (D:2)
  An ooze (D:1)
  A worm (D:2)
  4 dart slugs (D:1)
  5 giant cockroaches
  8 hobgoblins
  3 bats (D:1)
  2 frilled lizards
  2 goblins (D:1)
  3 kobolds
  6 rats
36 creatures vanquished.

Vanquished Creatures (collateral kills)
  2 hobgoblins (D:1)
2 creatures vanquished.

Grand Total: 38 creatures vanquished

Notes
Turn   | Place    | Note
-------+----------+-------------------------------------------
     0 | D:1      | raphialitos the Vampire Necromancer began the quest for the
                  | Orb.
     0 | D:1      | Reached XP level 1. HP: 13/13 MP: 3/3
   345 | D:1      | Learned a level 1 spell: Animate Skeleton
   510 | D:1      | Reached XP level 2. HP: 5/15 MP: 3/5
   887 | D:1      | Reached skill level 5 in Necromancy
   921 | D:1      | Reached XP level 3. HP: 18/19 MP: 4/6
  1204 | D:1      | Learned a level 3 spell: Vampiric Draining
  1671 | D:2      | Found a faded altar of an unknown god.
  2100 | D:2      | Found a glowing silver altar of Zin.
  2104 | D:2      | Cast into level 1 of the Abyss (unwielding a weapon of
                  | distortion)
  2170 | Abyss:2  | Noticed an ancient zyme
  2212 | Abyss:4  | Noticed a neqoxec
  2217 | Abyss:4  | Noticed a small abomination
  2221 | Abyss:4  | Noticed a large abomination
  2250 | Abyss:4  | Noticed a small abomination
  2252 | Abyss:4  | Found a corrupted altar of Lugonu.
  2256 | Abyss:4  | Noticed a tentacled starspawn
  2260 | Abyss:4  | Noticed a wretched star
  2260 | Abyss:4  | Mangled by a small abomination

Illustrated notes

Levels and vault maps discovered:
D:1:      scummos_arrival_hexagon, layout_rooms, hangedman_glass_teeth,
          minmay_pentomino_o4
D:2:      layout_basic, first_ration, chequers_ecumenical_altar_simple,
          lemuel_statue_altar
Abyss:4:  base: D:1, base: D:1, minivault_5

Skill      XL: |  1  2 |
---------------+-------+-----
Necromancy     | 5 |  5.1
Short Blades   | |  0.3
Dodging        | |  2.8
Stealth        | |  3.8
Spellcasting   | |  2.4

Action                   || total
-------------------------++-------
Melee: Dagger            ||    68
       Unarmed           ||    13
       Bite              ||     6
 Cast: Pain              ||    21
       Animate Skeleton  ||    10
 Abil: Exsanguinate      ||     1
 Stab: Sleeping          ||    13
Armor: Robe              ||    14
Dodge: Dodged            ||    70
